 Dungeon Sprint DCSS version 0.27-a0-1291-geefcff550b (webtiles) character file.

Game seed: 17876597797865323585

26385 mhtbhm the Bludgeoner (level 12, -28/143 HPs)
             Began as a Troll Berserker on June 15, 2021.
             Was the Champion of Trog.
             Shot with an arrow by a deep elf master archer (36 damage)
             ... in the Dungeon (Sprint VII: "The Pits").
             The game lasted 00:08:06 (2865 turns).

mhtbhm the Bludgeoner (Troll Berserker)             Turns: 2865, Time: 00:08:07

Health: -28/143    AC: 10    Str: 32    XL:     12   Next: 97%
Magic:  11/11      EV: 13    Int:  3    God:    Trog [******]
Gold:   38         SH:  5    Dex:  9    Spells: 11/11 levels left

rFire    . . .     SeeInvis .   a - +9 giant spiked club "Tososiurr" {vorpal, rElec rN+}
rCold    + . .     Faith    .   (shield currently unavailable)
rNeg     + + .     Spirit   .   b - +0 steam dragon scales
rPois    .         Reflect  +   (helmet restricted)
rElec    +         Harm     .   (no cloak)
rCorr    .         Rampage  .   (gloves unavailable)
Will     ++...     NoTele   +   (boots unavailable)
Stlth    ++........             l - amulet "Ocwag" {Reflect rN+ SH+5}
HPRegen  2.33/turn              w - ring of protection from cold
MPRegen  0.12/turn              k - +3 ring of protection

@: strong-willed (expiring), on berserk cooldown, regenerating (expiring)
A: large, unfitting armour, claws 3, regeneration 1, shaggy fur 1, tough skin 1
a: Renounce Religion, Berserk, Trog's Hand, Brothers in Arms


You were in the Dungeon.
You worshipped Trog.
Trog was exalted by your worship.
You visited 1 branch You collected 38 gold pieces.

Inventory:

Hand Weapons
 a - the +9 giant spiked club "Tososiurr" (weapon) {vorpal, rElec rN+}
   (Trog gifted it to you in the Dungeon)

   It inflicts extra damage upon your enemies.
   It insulates you from electricity.
   It protects you from negative energy.
 B - the +9 executioner's axe of Fortitude {elec, Stlth+}
   (You found it in the Dungeon)

   Occasionally, upon striking a foe, it can discharge electrical energy and
   cause terrible harm.
   It makes you more stealthy.
 C - a +5 whip of holy wrath
Missiles
 n - 4 throwing nets
 o - 4 large rocks
 A - 6 javelins
Armour
 b - +0 steam dragon scales (worn)
Jewellery
 k - a +3 ring of protection (right claw)
 l - the amulet "Ocwag" (around neck) {Reflect rN+ SH+5}
   (You found it in the Dungeon)

   [amulet of reflection]

   It reflects blocked missile attacks.
   It protects you from negative energy.
   It affects your SH (+5).
 w - a ring of protection from cold (left claw)
 y - a ring of positive energy
Wands
 p - a wand of flame (14)
Scrolls
 h - 2 scrolls of blinking
 j - a scroll of summoning
 q - 4 scrolls of enchant weapon
 s - a scroll of identify
 t - 2 scrolls of fear
 u - 2 scrolls of enchant armour
 v - a scroll of fog
Potions
 c - 9 potions of curing
 d - 10 potions of heal wounds
 e - 2 potions of haste
 f - 4 potions of magic
 g - 4 potions of berserk rage
 i - 2 potions of invisibility
 m - 2 potions of mutation
 r - 3 potions of might
 z - a potion of flight
Miscellaneous
 x - a condenser vane


   Skills:
 + Level 15.2 Fighting
 + Level 20.4 Maces & Flails
 + Level 13.7 Dodging
 - Level 3.2 Stealth
 + Level 0.5 Shields
 + Level 1.2 Evocations


You had 11 spell levels left.
You didn't know any spells.
Your spell library was empty.

Dungeon Overview and Level Annotations

Branches:
Dungeon (1/1)

Altars:
Ashenzari
Cheibriados
Dithmenos
Elyvilon
Fedhas
Gozag
Hepliaklqana
Kikubaaqudgha
Makhleb
Nemelex Xobeh
Okawaru
Qazlal
Ru
Sif Muna
Trog
Uskayaw
Vehumet
Wu Jian
Xom
Yredelemnul
Zin
The Shining One
Beogh
Jiyva
Lugonu


Innate Abilities, Weirdness & Mutations

You are too large for most types of armour.
You have claws for hands.
Your natural rate of healing is unusually fast.
You are covered in fur. (AC +1)
You have tough skin. (AC +1)


Message History

Okay, then.
Unknown command.
You hit the deep elf master archer but do no damage.
The deep elf master archer is moderately wounded.
An adder skeleton comes into view.
The bog body touches you! The bog body freezes you! You resist.
Unknown command.
You closely miss the deep elf master archer.
The deep elf master archer is moderately wounded.
You feel the effects of Trog's Hand fading.
The deep elf master archer wields a +0 longbow of flaming.
It bursts into flame!
The deep elf master archer shoots an arrow.
The arrow misses you. The bog body touches you. The bog body freezes you.
You resist.
The deep elf master archer unwields a +0 longbow of flaming.
It stops flaming.
The deep elf master archer hits you but does no damage.
You completely miss the deep elf master archer.
The deep elf master archer is moderately wounded.
The bog body barely misses you.
The deep elf master archer wields a +0 longbow of flaming.
It bursts into flame!
The deep elf master archer shoots an arrow.
The arrow hits you!!
* * * LOW HITPOINT WARNING * * *
The arrow burns you.
* * * LOW HITPOINT WARNING * * *
The bog body touches you but does no damage.
Unknown command.
You feel much better.
You feel yourself speed up.
The deep elf master archer shoots an arrow.
The arrow hits you!!
* * * LOW HITPOINT WARNING * * *
The arrow burns you.
* * * LOW HITPOINT WARNING * * *
The deep elf master archer shoots an arrow.
The arrow hits you!!!
You die...

#..################..##..#..
#..## #. #..##..... #..#.# #Z
#..##..... #..##|# #T #..####''#
#..# #.# #{ #..####''# #..# #[#.
#..##...))
#..#####Z##########..##.#)##
######......))Ze......... #.#..+
___.##........hn@........ #.'..#
___.###########++######## #.#..'
_...###########++###########.+..#
###'##................##..## ##+#
))'.##......#..#......##..# .
###.##................''..#
.....'................''..#######
'#####......#..#......##..†......
..'.##................##.........


You could see a deep elf master archer, a hell hog, a bog body, a bat zombie and
an adder skeleton.

Vanquished Creatures
  A ghost moth (D)
  A vampire knight (D)
  A minotaur (D)
  An eidolon (D)
  Azrael (D)
  A green death (D)
  Snorg (D)
  A great orb of eyes (D)
  Harold (D)
  A hydra (D)
  A two-headed ogre (D)
  A merfolk avatar (D)
  A catoblepas (D)
  A hell hog (D)
  2 shadow wraiths (D)
  A fire crab (D)
  A flayed ghost (D)
  A sea snake (D)
  A lindwurm (D)
  A phantasmal warrior (D)
  A cyclops (D)
  A smoke demon (D)
  A gargoyle (D)
  An orange demon (D)
  An eye of devastation (D)
  A cane toad (D)
  A komodo dragon (D)
  A demonic crawler (D)
  A guardian mummy (D)
  A jumping spider (D)
  A troll (D)
  2 hornets (D)
  4 blink frogs (D)
  4 dream sheep (D)
  A snapping turtle (D)
  A wraith (D)
  A fire elemental (D)
  8 vampire mosquitoes (D)
  A wyvern (D)
  A chaos spawn (D)
  2 steam dragons (D)
  Menkaure (D)
  2 hell hounds (D)
  A swamp drake (D)
  3 water moccasins (D)
  A sky beast (D)
  A black bear (D)
  An ogre (D)
  A centaur (D)
  4 wolves (D)
  A gnoll sergeant (D)
  A scorpion (D)
  4 killer bees (D)
  A hound (D)
  An orc priest (D)
  A jelly (D)
  Crazy Yiuf (D)
  Jessica (D)
  An iguana (D)
  2 orc wizards (D)
  A hell rat (D)
  7 gnolls (D)
  An adder (D)
  An ufetubus (D)
  A bat skeleton (D)
  An endoplasm (D)
  3 jackals (D)
  A kobold (D)
  A quokka (D)
  A ball python (D)
  A bat simulacrum (D)
  A frilled lizard (D)
  A giant cockroach zombie (D)
  2 rats (D)
109 creatures vanquished.

Vanquished Creatures (collateral kills)
  2 fire giants (D)
  A yellow draconian (D)
  A slime creature (D)
  An alligator (D)
  A hell hog (D)
  A blink frog (D)
  A redback (D)
  A spriggan (D)
  2 ynoxinuls (D)
  2 vampire mosquitoes (D)
  A necrophage (D)
  A wolf (D)
  6 killer bees (D)
  A ball python (D)
22 creatures vanquished.

Vanquished Creatures (others)
  A red draconian (D)
1 creature vanquished.

Grand Total: 132 creatures vanquished

Notes
Turn   | Place    | Note
-------+----------+-------------------------------------------
     0 | D        | mhtbhm the Troll Berserker began the quest for the Orb.
     0 | D        | Reached XP level 1. HP: 22/22 MP: 0/0
    16 | D        | Reached skill level 3 in Maces & Flails
    16 | D        | Reached XP level 2. HP: 31/31 MP: 1/1
    61 | D        | Found a bloodstained altar of Trog.
    61 | D        | Found a shimmering blue altar of Sif Muna.
    61 | D        | Found a viscous altar of Jiyva.
    61 | D        | Found a hazy altar of Hepliaklqana.
    61 | D        | Found an opulent altar of Gozag.
    94 | D        | Noticed a scorpion
   102 | D        | Killed a scorpion
   102 | D        | Reached ** piety under Trog
   103 | D        | Reached skill level 5 in Maces & Flails
   103 | D        | Reached XP level 3. HP: 22/40 MP: 2/2
   103 | D        | Reached XP level 4. HP: 27/49 MP: 3/3
   234 | D        | Reached *** piety under Trog
   237 | D        | Noticed Jessica
   252 | D        | Killed Jessica
   252 | D        | Reached **** piety under Trog
   253 | D        | Reached skill level 5 in Fighting
   253 | D        | Reached skill level 5 in Dodging
   305 | D        | Found a glowing golden altar of the Shining One.
   305 | D        | Found a glowing silver altar of Zin.
   305 | D        | Found a basalt altar of Yredelemnul.
   305 | D        | Found a shimmering altar of Xom.
   305 | D        | Found an ornate altar of the Wu Jian Council.
   305 | D        | Found a sacrificial altar of Ru.
   305 | D        | Found a stormy altar of Qazlal.
   305 | D        | Found an iron altar of Okawaru.
   305 | D        | Found a sparkling altar of Nemelex Xobeh.
   305 | D        | Found a burning altar of Makhleb.
   305 | D        | Found a blossoming altar of Fedhas.
   305 | D        | Found a white marble altar of Elyvilon.
   305 | D        | Found a shadowy altar of Dithmenos.
   305 | D        | Found a snail-covered altar of Cheibriados.
   306 | D        | Found a radiant altar of Vehumet.
   306 | D        | Found a corrupted altar of Lugonu.
   331 | D        | Noticed Menkaure
   334 | D        | Noticed a water moccasin
   351 | D        | Killed a water moccasin
   352 | D        | Reached skill level 6 in Maces & Flails
   352 | D        | Reached XP level 5. HP: 48/59 MP: 4/4
   362 | D        | Killed Menkaure
   363 | D        | Reached skill level 7 in Maces & Flails
   363 | D        | Reached XP level 6. HP: 43/68 MP: 5/5
   426 | D        | Reached ***** piety under Trog
   430 | D        | Noticed a water moccasin
   448 | D        | Killed a water moccasin
   449 | D        | Reached skill level 8 in Maces & Flails
   485 | D        | Received a gift from Trog
   502 | D        | Killed a shadow wraith
   503 | D        | Reached skill level 10 in Maces & Flails
   503 | D        | Reached XP level 7. HP: 75/81 MP: 6/6
   503 | D        | Reached XP level 8. HP: 82/89 MP: 7/7
   703 | D        | Noticed a slime creature
   703 | D        | Noticed a slime creature
   703 | D        | Noticed a slime creature
   703 | D        | Noticed a slime creature
   725 | D        | Killed an enormous slime creature
   726 | D        | Reached skill level 11 in Maces & Flails
   726 | D        | Reached skill level 1 in Stealth
   822 | D        | Found a hide-covered altar of Uskayaw.
   822 | D        | Found an ancient bone altar of Kikubaaqudgha.
   822 | D        | Found a broken altar of Ashenzari.
   845 | D        | Noticed a gargoyle
   849 | D        | Killed a gargoyle
   850 | D        | Reached skill level 10 in Fighting
   850 | D        | Reached skill level 12 in Maces & Flails
   850 | D        | Reached skill level 10 in Dodging
   850 | D        | Reached XP level 9. HP: 101/101 MP: 8/8
   852 | D        | Reached ****** piety under Trog
   908 | D        | Noticed a merfolk avatar
   947 | D        | Killed a merfolk avatar
   947 | D        | Identified the +9 giant spiked club "Tososiurr" {vorpal,
                  | rElec rN+} (Trog gifted it to you in the Dungeon)
   947 | D        | Received a gift from Trog
   977 | D        | Reached skill level 13 in Maces & Flails
  1021 | D        | Noticed a jumping spider
  1022 | D        | Killed a jumping spider
  1028 | D        | Noticed a two-headed ogre
  1035 | D        | Killed a two-headed ogre
  1036 | D        | Reached XP level 10. HP: 23/114 MP: 9/9
  1277 | D        | Noticed Harold
  1278 | D        | Noticed an orange demon
  1288 | D        | Received a gift from Trog
  1292 | D        | Killed Harold
  1293 | D        | Reached skill level 14 in Maces & Flails
  1294 | D        | Killed an orange demon
  1379 | D        | Noticed an eidolon
  1389 | D        | Killed an eidolon
  1390 | D        | Reached skill level 15 in Maces & Flails
  1390 | D        | Noticed a cyclops
  1403 | D        | Killed a cyclops
  1442 | D        | Noticed a lindwurm
  1444 | D        | Received a gift from Trog
  1444 | D        | Noticed a cane toad
  1456 | D        | Killed a lindwurm
  1462 | D        | Killed a cane toad
  1527 | D        | Noticed a phantasmal warrior
  1536 | D        | Killed a phantasmal warrior
  1537 | D        | Reached XP level 11. HP: 79/123 MP: 10/10
  1697 | D        | Noticed Crazy Yiuf
  1698 | D        | Noticed a sea snake
  1706 | D        | Received a gift from Trog
  1709 | D        | Killed a sea snake
  1709 | D        | Noticed an alligator
  1710 | D        | Reached skill level 16 in Maces & Flails
  1713 | D        | Killed Crazy Yiuf
  1725 | D        | Killed an alligator
  1729 | D        | Received a gift from Trog
  1741 | D        | Received a gift from Trog
  1769 | D        | Received a gift from Trog
  1770 | D        | Reached skill level 17 in Maces & Flails
  2163 | D        | Noticed a flayed ghost
  2177 | D        | Killed a flayed ghost
  2231 | D        | Noticed a great orb of eyes
  2238 | D        | Killed a shadow wraith
  2241 | D        | Killed a great orb of eyes
  2243 | D        | Received a gift from Trog
  2373 | D        | Noticed a fire crab
  2378 | D        | Killed a fire crab
  2388 | D        | Reached skill level 18 in Maces & Flails
  2389 | D        | Received a gift from Trog
  2448 | D        | Reached XP level 12. HP: 136/136 MP: 11/11
  2541 | D        | Noticed a fire giant
  2541 | D        | Noticed a yellow draconian
  2543 | D        | Noticed a fire giant
  2549 | D        | Killed a fire giant
  2549 | D        | Received a gift from Trog
  2550 | D        | Killed a ghost moth
  2552 | D        | Killed a yellow draconian
  2553 | D        | Reached skill level 19 in Maces & Flails
  2554 | D        | Killed a fire giant
  2617 | D        | Got the amulet "Ocwag" {Reflect rN+ SH+5}
  2620 | D        | Got the +9 executioner's axe of Fortitude {elec, Stlth+}
  2807 | D        | Noticed Azrael
  2807 | D        | Noticed a minotaur
  2807 | D        | Noticed a vampire knight
  2808 | D        | Noticed an eight-headed hydra
  2808 | D        | Noticed a green death
  2810 | D        | Noticed a hell hog
  2811 | D        | Received a gift from Trog
  2815 | D        | Killed a vampire knight
  2816 | D        | Noticed a hell hog
  2819 | D        | Noticed a hell hog
  2821 | D        | Killed a minotaur
  2823 | D        | Noticed Snorg
  2826 | D        | Killed a green death
  2826 | D        | Received a gift from Trog
  2827 | D        | Noticed a catoblepas
  2829 | D        | Killed Azrael
  2830 | D        | Reached skill level 1 in Evocations
  2831 | D        | Killed a hell hog
  2832 | D        | Reached skill level 20 in Maces & Flails
  2832 | D        | Killed a catoblepas
  2833 | D        | Noticed a red draconian
  2836 | D        | Killed an eight-headed hydra
  2837 | D        | Reached skill level 15 in Fighting
  2838 | D        | Received a gift from Trog
  2849 | D        | Killed Snorg
  2854 | D        | Killed a hell hog
  2858 | D        | Killed a red draconian
  2859 | D        | Identified the +14 crystal plate armour "Ihed Piy" {Fly rF+
                  | rC- Dex+3}
  2859 | D        | Noticed a deep elf master archer
  2865 | D        | Shot with an arrow by a deep elf master archer

Illustrated notes

Levels and vault maps discovered:
D:        pitsprint [storerooms_1, entrance_room_1, metal_vault_6, armoury_2,
          mini_pit_1, grid_room_1, main_hall_1, silver_pit, the_coven_3,
          the_vestibule_1, steel_vault_5, golden_pit, hallway_of_sentries,
          crystal_vault_6, iron_vault_1, final_vault]

Skill      XL: |  1  2  3  4  5  6  7  8  9 10 11 12 |
---------------+-------------------------------------+-----
Fighting       | 3 4 6 8 10 11 12 13 15 | 15.2
Maces & Flails | 3 5 6 7 10 12 13 15 18 20 | 20.4
Dodging        | 3 4 6 8 10 11 12 13 | 13.7
Stealth        | 1 2 3 |  3.2
Evocations     | 1 |  1.2
Shields        | |  0.5

Action                   |  1- 3 |  4- 6 |  7- 9 | 10-12 || total
-------------------------+-------+-------+-------+-------++-------
Melee: Mace              |     9 |    71 |    24 |       ||   104
       Morningstar       |       |       |    24 |       ||    24
       Giant spiked club |       |       |    12 |   189 ||   201
Invok: Berserk           |     2 |     3 |     5 |    12 ||    22
       Brothers in Arms  |       |       |     1 |     4 ||     5
       Trog's Hand       |       |       |       |     1 ||     1
Evoke: Condenser vane    |       |       |       |     2 ||     2
       Wand              |       |       |       |     1 ||     1
  Use: Potion            |       |       |       |     8 ||     8
 Stab: Distracted        |       |       |       |     2 ||     2
Armor: Animal skin       |     3 |    25 |     5 |       ||    33
       Steam dragon scal |       |       |       |    76 ||    76
Dodge: Dodged            |     3 |    35 |    37 |   136 ||   211
Block: Other             |       |       |       |     3 ||     3

Table legend: (Time is in decaauts)
 A = Elapsed time spent in this place.
 B = Non-inter-level travel time spent in this place.
 C = Inter-level travel time spent in this place.
 D = Time resting spent in this place.
 E = Time spent auto-exploring this place.
 F = Levels seen in this place.
 G = Mean time per level.
                   A        B        C        D        E       F      G
               +--------+--------+--------+--------+--------+-----+--------+
         Total |   3072 |   3072 |      0 |   1776 |    103 |   1 | 3072.0 |
       Dungeon |   3072 |   3072 |      0 |   1776 |    103 |   1 | 3072.0 |
               +--------+--------+--------+--------+--------+-----+--------+

Top non-repeatable levels by time:
       D: 3072 daAuts
